 Dungeon Crawl Stone Soup version 0.32-a0-433-g08bcfe7efd (webtiles) character file.

Game seed: 16571998903235680535

7598 pokeman the Thaumaturge (level 10, -4/56 HPs)
             Began as a Deep Elf Hedge Wizard on Feb 22, 2024.
             Was a Believer of Vehumet.
             Shot with an arrow by a centaur warrior (23 damage)
             ... on level 10 of the Dungeon.
             The game lasted 00:21:40 (9716 turns).

pokeman the Thaumaturge (Deep Elf Hedge Wizard)     Turns: 9716, Time: 00:21:40

Health: -4/56      AC: 10    Str:  7    XL:     10   Next: 97%
Magic:  14/30      EV: 13    Int: 30    God:    Vehumet [**....]
Gold:   548        SH:  0    Dex: 14    Spells: 25/37 levels left

rFire   . . .        I - +6 trident of Guilt {holy, rC+}
rCold   + + .        (no shield)
rNeg    . . .        N - +0 steam dragon scales
rPois   +            e - +0 helmet
rElec   +            y - +0 cloak
rCorr   .            A - +0 pair of gloves
SInv    .            M - +0 pair of boots
Will    +....        F - amulet of regeneration
Stlth   ++           U - ring "Emoudoj" {+Blink rElec rPois rC+ Int+6}
HPRegen 1.09/turn    J - +4 ring of slaying
MPRegen 0.22/turn

%: no passive effects
@: no status effects
A: no striking features
a: Renounce Religion, Evoke Blink


You were on level 10 of the Dungeon.
You worshipped Vehumet.
Vehumet was pleased with you.
You visited 2 branches of the dungeon, and saw 11 of its levels.
You also visited: Sewer.

You collected 548 gold pieces.

Inventory:

Hand Weapons
 I - the +6 trident of Guilt (weapon) {holy, rC+}
   (You found it on level 7 of the Dungeon)

   rC+:       It protects you from cold.
Missiles
 R - a curare-tipped dart
Armour
 e - a +0 helmet (worn)
 y - a +0 cloak (worn)
 A - a +0 pair of gloves (worn)
 K - a +2 scale mail of cold resistance
 M - a +0 pair of boots (worn)
 N - +0 steam dragon scales (worn)
Magical Staves
 B - a staff of death
 L - a staff of fire
Jewellery
 o - an amulet of guardian spirit
 t - a ring of protection from fire
 F - an amulet of regeneration (around neck)
 J - a +4 ring of slaying (right hand)
 S - a ring of poison resistance
 U - the ring "Emoudoj" (left hand) {+Blink rElec rPois rC+ Int+6}
   (You found it on level 9 of the Dungeon)

   [ring of intelligence]

   Int+6:     It affects your intelligence (+6).
   rC+:       It protects you from cold.
   rElec:     It insulates you from electricity.
   rPois:     It protects you from poison +Blink: It lets you blink.
Wands
 z - a wand of digging (2)
 C - a wand of polymorph (13)
 O - a wand of roots (5)
 Q - a wand of flame (19)
Scrolls
 b - 4 scrolls of enchant armour {unknown}
 h - 2 scrolls of amnesia {unknown}
 i - 7 scrolls of teleportation {unknown}
 j - a scroll of torment {unknown}
 m - 2 scrolls of brand weapon {unknown}
 r - a scroll of summoning {unknown}
 s - 6 scrolls of identify {unknown}
 u - 2 scrolls of immolation {unknown}
 v - 2 scrolls of enchant weapon {unknown}
 w - 3 scrolls of fear {unknown}
 D - a scroll of vulnerability {unknown}
 E - 3 scrolls of poison {unknown}
 H - a scroll of fog {unknown}
 P - a scroll of revelation {unknown}
 T - a scroll of acquirement {unknown}
Potions
 a - a potion of cancellation {unknown}
 c - a potion of attraction {unknown}
 d - 4 potions of magic
 f - 2 potions of invisibility {unknown}
 g - 6 potions of curing {unknown}
 k - 2 potions of brilliance {unknown}
 l - a potion of ambrosia {unknown}
 n - 4 potions of enlightenment {unknown}
 p - a potion of haste {unknown}
 q - 3 potions of lignification {unknown}
 x - a potion of degeneration {unknown}
 G - a potion of mutation {unknown}


   Skills:
 + Level 3.9 Fighting
 - Level 3.0 Armour
 - Level 3.0 Dodging
 - Level 3.0 Stealth
 - Level 3.0 Shields
 * Level 14.3 Spellcasting
 + Level 8.3 Conjurations
 - Level 1.1 Summonings
 - Level 1.2 Necromancy
 - Level 1.1 Translocations
 + Level 7.4 Fire Magic
 - Level 1.0 Air Magic
 - Level 2.0 Alchemy
 - Level 1.1 Evocations


You had 25 spell levels left.
You knew the following spells:

 Your Spells              Type           Power      Damage    Failure   Level
a - Magic Dart            Conj           100%       1d8       1%          1
b - Mephitic Cloud        Conj/Alch/Air  44%        N/A       1%          3
c - Call Imp              Summ           56%        N/A       2%          2
d - Blink                 Tloc           56%        N/A       2%          2
e - Flame Wave            Conj/Fire      62%        2d14      1%          4

Your spell library contained the following spells:

 Spells                   Type           Power      Damage    Failure   Level
 Searing Ray              Conj           100%       2d8       1%          2
 Sting                    Conj/Alch      100%       1d9       1%          1
 Cigotuvi's Dreadful Rot  Necr/Alch/Air  58%        N/A       1%          2
 Mercury Vapours          Alch/Air       60%        N/A       1%          2
 Inner Flame              Hex/Fire       43%        N/A       1%          3
 Slow                     Hex            84%        N/A       2%          1
 Ensorcelled Hibernation  Hex/Ice        42%        N/A       3%          2
 Iskenderun's Mystic Bla  Conj/Tloc      49%        2d11      3%          4
 Sticky Flame             Fire/Alch      49%        2d9       3%          4
 Fugue of the Fallen      Necr           28%        N/A       4%          3
 Tukima's Dance           Hex            21%        N/A       7%          3
 Arcjolt                  Conj/Air       24%        1d34      9%          5
 Olgreb's Toxic Radiance  Alch           33%        N/A       10%         4
 Vhi's Electric Charge    Tloc/Air       54%        N/A       14%         4
 Anguish                  Hex/Necr       12%        N/A       17%         4
 Dimensional Bullseye     Hex/Tloc       12%        N/A       19%         4
 Plasma Beam              Fire/Air       23%        2x1d35    52%         6


Dungeon Overview and Level Annotations

Branches:
Dungeon (10/15)            Temple (1/1) D:7           Sewer (visited)
   Lair: D:8-11         Orc: D:9-12

Altars:
Ashenzari
Cheibriados
Dithmenos
Elyvilon
Fedhas
Gozag
Hepliaklqana
Kikubaaqudgha
Makhleb
Okawaru
Qazlal
Ru
Sif Muna
Trog
Uskayaw
Vehumet
Wu Jian
Xom
Yredelemnul
Zin
The Shining One


Message History

The vampire mosquito is almost destroyed.
The flame wave engulfs the centaur warrior!
The centaur warrior is lightly wounded.
You finish channelling waves of flame.
The vampire mosquito bites you but does no damage. x2
The vampire mosquito misses you.
Unknown command.
Casting: Flame Wave (dangerous; 1% risk of failure)
Confirm with . or Enter, or press ? or * to list all spells.
Casting: Flame Wave (dangerous; 1% risk of failure)
Press: ? - help, Dir - look around, f - activate A wave of flame ripples out!
The flame wave engulfs the vampire mosquito!!
You destroy the vampire mosquito!
Vehumet accepts your kill.
The flame wave engulfs the vampire mosquito!!
You destroy the vampire mosquito!
Vehumet accepts your kill.
You feel your power returning. (Press . to intensify the flame waves.)
The centaur warrior wields a +0 orcbow.
The centaur warrior shoots an arrow.
The arrow hits you!!
Ouch! That really hurt!
A wave of flame ripples out!
The flame wave engulfs the centaur warrior.
The centaur warrior is moderately wounded.
The centaur warrior shoots an arrow.
The arrow misses you.
The centaur warrior shoots an arrow.
The arrow hits you!
Unknown command.
Casting: Flame Wave (dangerous; 1% risk of failure)
Confirm with . or Enter, or press ? or * to list all spells.
Aiming: Mephitic Cloud (safe; 1% risk of failure)
Press: ? - help, Shift-Dir - straight line, f - centaur warrior
Aim: a centaur warrior, wielding a +0 orcbow (moderately wounded, chance to affect: 53%)
The ball explodes into a vile cloud!
The stinking cloud engulfs the centaur warrior.
The centaur warrior is moderately wounded.
The centaur warrior is engulfed in noxious fumes.
The centaur warrior shoots an arrow.
The arrow hits you!!
You die...

... ....# ." ..
..... ...
..#...##..#
.#....#... .......>#
## #....##.####..#
#.............#
##.@#..........#
...#.§§##..........
......§c.##.<.......
......§○§†..........
.........#....c.....
.........###........
.......... .........
......#..# .........
......#### .........


You could see a centaur warrior.

Vanquished Creatures
  2 two-headed ogres
  Joseph (D:7)
  Maggie (D:8)
  Psyche (D:8)
  A troll (D:9)
  Prince Ribbit (D:8)
  Sigmund (D:2)
  A vampire (D:9)
  3 yaks (D:8)
  3 wyverns
  Eustachio (D:6)
  Menkaure (D:7)
  3 vampire mosquitoes (D:10)
  An acid dragon (D:9)
  A water moccasin (D:6)
  A sky beast (D:7)
  An orc warrior (D:8)
  2 ogres
  4 centaurs
  A phantom (D:5)
  A kobold brigand (D:9)
  3 bullfrogs (D:7)
  3 gnoll sergeants
  3 scorpions (D:5)
  10 killer bees (D:9)
  4 howler monkeys
  2 bombardier beetles
  A hound (D:5)
  2 jellies
  5 orc priests
  Ijyb (D:3)
  A gnoll bouda (D:8)
  2 sleepcaps
  13 orc wizards
  4 iguanas
  A hell rat (Sewer)
  3 adders
  16 gnolls
  A river rat (D:4)
  A shadow imp (D:7)
  2 white imps (D:7)
  2 ufetubi (D:6)
  A ribbon worm (D:3)
  2 dart slugs (D:2)
  41 orcs
  5 ball pythons
  7 endoplasms
  5 giant cockroaches
  4 goblins
  3 hobgoblins
  7 kobolds
  A quokka (D:5)
  7 bats
  A frilled lizard (D:1)
  13 rats
209 creatures vanquished.

Vanquished Creatures (collateral kills)
  A killer bee (D:9)
1 creature vanquished.

Grand Total: 210 creatures vanquished

Notes
Turn   | Place    | Note
-------+----------+-------------------------------------------
     0 | D:1      | pokeman the Deep Elf Hedge Wizard began the quest for the
                  | Orb.
     0 | D:1      | Reached XP level 1. HP: 10/10 MP: 7/7
   445 | D:1      | Reached XP level 2. HP: 16/16 MP: 5/9
  1078 | D:2      | Reached skill level 5 in Spellcasting
  1295 | D:2      | Reached XP level 3. HP: 20/20 MP: 4/11
  1299 | D:2      | Learned a level 3 spell: Mephitic Cloud
  1302 | D:2      | Learned a level 2 spell: Call Imp
  1305 | D:2      | Learned a level 2 spell: Blink
  1418 | D:2      | Noticed Sigmund
  1441 | D:2      | Killed Sigmund
  1442 | D:2      | Reached skill level 1 in Fighting
  1442 | D:2      | Reached skill level 1 in Armour
  1442 | D:2      | Reached skill level 6 in Spellcasting
  1442 | D:2      | Reached XP level 4. HP: 15/26 MP: 8/14
  1442 | D:2      | Reached XP level 5. HP: 17/30 MP: 8/15
  1830 | D:3      | Noticed Ijyb
  2027 | D:3      | Reached XP level 6. HP: 12/35 MP: 15/17
  2900 | D:4      | Found a glowing drain.
  2970 | Sewer    | Entered a sewer
  3094 | Sewer    | Reached skill level 7 in Spellcasting
  3473 | D:4      | Found an iron altar of Okawaru.
  3678 | D:4      | Found an ornate altar of the Wu Jian Council.
  3821 | D:5      | Entered Level 5 of the Dungeon
  3878 | D:5      | Reached skill level 1 in Air Magic
  3883 | D:5      | Learned a level 4 spell: Flame Wave
  3996 | D:5      | Reached skill level 1 in Alchemy
  4015 | D:5      | Reached XP level 7. HP: 38/39 MP: 18/20
  4111 | D:5      | Reached skill level 1 in Fire Magic
  4234 | D:5      | Reached skill level 8 in Spellcasting
  4418 | D:5      | Reached skill level 1 in Necromancy
  4418 | D:5      | Reached skill level 1 in Evocations
  4659 | D:5      | Reached XP level 8. HP: 39/44 MP: 17/22
  5027 | D:6      | Noticed a two-headed ogre
  5056 | D:6      | Killed a two-headed ogre
  5057 | D:6      | Reached skill level 10 in Spellcasting
  5057 | D:6      | Reached skill level 5 in Conjurations
  5625 | D:6      | Noticed Eustachio
  5636 | D:6      | Killed Eustachio
  5637 | D:6      | Reached XP level 9. HP: 48/48 MP: 15/25
  6161 | D:7      | Identified the +6 trident of Guilt {holy, rC+}
  6168 | D:7      | Found a staircase to the Ecumenical Temple.
  6241 | Temple   | Entered the Ecumenical Temple
  6258 | Temple   | Became a worshipper of Vehumet
  6438 | D:7      | Reached skill level 11 in Spellcasting
  6571 | D:7      | Noticed Menkaure
  6676 | D:7      | Killed Menkaure
  6677 | D:7      | Reached skill level 5 in Fire Magic
  6897 | D:7      | Noticed Joseph
  6909 | D:7      | Killed Joseph
  7182 | D:7      | Reached * piety under Vehumet
  7182 | D:7      | Offered knowledge of Sandblast by Vehumet.
  7446 | D:8      | Reached skill level 12 in Spellcasting
  7586 | D:8      | Reached XP level 10. HP: 52/53 MP: 15/28
  7623 | D:8      | Noticed Psyche
  7693 | D:8      | Killed Psyche
  7926 | D:8      | Noticed Maggie
  7934 | D:8      | Killed Maggie
  8042 | D:8      | Found a snail-covered altar of Cheibriados.
  8265 | D:8      | Found a blossoming altar of Fedhas.
  8275 | D:8      | Found a hazy altar of Hepliaklqana.
  8353 | D:8      | Noticed Prince Ribbit
  8361 | D:8      | Killed Prince Ribbit
  8362 | D:8      | Reached skill level 13 in Spellcasting
  8807 | D:3      | Killed Ijyb
  8995 | D:9      | Noticed a two-headed ogre
  9008 | D:9      | Killed a two-headed ogre
  9018 | D:9      | Reached ** piety under Vehumet
  9158 | D:9      | Offered knowledge of Searing Ray by Vehumet.
  9159 | D:9      | Reached skill level 14 in Spellcasting
  9337 | D:9      | Found a shadowy altar of Dithmenos.
  9383 | D:9      | Identified the ring "Emoudoj" {+Blink rElec rPois rC+
                  | Int+6}
  9698 | D:10     | Entered Level 10 of the Dungeon
  9706 | D:10     | Noticed a centaur warrior
  9716 | D:10     | Shot with an arrow by a centaur warrior

Illustrated notes

Levels and vault maps discovered:
D:1:      scummos_arrival_simple_fountains, layout_basic
D:2:      layout_basic, uniq_sigmund
D:3:      layout_rooms, minmay_quadrilaterals, uniq_ijyb
D:4:      layout_loops_ring, kennysheep_okawaru_gauntlet,
          nicolae_wu_jian_immortal_techniques, portal_sewer_entry_b
D:5:      layout_loops_cross, kennysheep_potato
D:6:      layout_cave_pods, serial_bayou_pond_e, uniq_eustachio
D:7:      layout_basic, minmay_temple_entry_wispy, uniq_menkaure, uniq_joseph
D:8:      layout_basic, mainiacjoe_overflow_concentric_impassable,
          mainiacjoe_overflow_swirl, uniq_prince_ribbit1, uniq_psyche,
          uniq_maggie
D:9:      layout_rooms, mainiacjoe_overflow_boulevard
D:10:     layout_cave_pools, nemelex_diamond_rough_becter
Temple:   nicolae_temple_bog_church

Skill      XL: |  1  2  3  4  5  6  7  8  9 10 |
---------------+-------------------------------+-----
Spellcasting   | 5 6 7 8 10 12 14 | 14.3
Fighting       | 1 2 3 |  3.9
Armour         | 1 2 3 |  3.0
Conjurations   | 2 3 4 5 7 8 |  8.3
Dodging        | 3 |  3.0
Stealth        | 3 |  3.0
Air Magic      | 1 |  1.0
Alchemy        | 1 2 |  2.0
Fire Magic     | 2 4 5 7 |  7.4
Necromancy     | 1 |  1.2
Evocations     | 1 |  1.1
Shields        | 2 3 |  3.0
Summonings     | |  1.1
Translocations | |  1.1

Action                     |  1- 3 |  4- 6 |  7- 9 | 10-12 || total
---------------------------+-------+-------+-------+-------++-------
  Melee: Dagger            |    10 |     5 |       |       ||    15
         Trident           |       |    50 |    63 |    39 ||   152
   Cast: Magic Dart        |    67 |   105 |    66 |    46 ||   284
         Mephitic Cloud    |     1 |     7 |    15 |    20 ||    43
         Call Imp          |       |     2 |     1 |     2 ||     5
         Blink             |       |     1 |       |       ||     1
         Flame Wave        |       |       |    30 |    18 ||    48
   Stab: Confused          |     4 |    12 |    12 |     4 ||    32
         Sleeping          |       |       |       |     1 ||     1
 Armour: Robe              |     6 |    35 |    64 |     6 ||   111
         Steam dragon scal |       |       |       |    40 ||    40
  Dodge: Dodged            |     7 |    38 |    59 |    29 ||   133

Table legend: (Time is in decaauts)
 A = Elapsed time spent in this place.
 B = Non-inter-level travel time spent in this place.
 C = Inter-level travel time spent in this place.
 D = Time resting spent in this place.
 E = Time spent auto-exploring this place.
 F = Levels seen in this place.
 G = Mean time per level.
                   A        B        C        D        E       F      G
               +--------+--------+--------+--------+--------+-----+--------+
         Total |   9782 |   9237 |    545 |    401 |   7355 |  12 |  815.2 |
       Dungeon |   9505 |   8992 |    513 |    401 |   7159 |  10 |  950.5 |
        Temple |     34 |      2 |     32 |      0 |      0 |   1 |   34.0 |
         Sewer |    242 |    242 |      0 |      0 |    195 |   1 |  242.0 |
               +--------+--------+--------+--------+--------+-----+--------+

Top non-repeatable levels by time:
     D:8: 1449 daAuts
     D:6: 1322 daAuts
     D:2: 1180 daAuts
     D:7: 1135 daAuts
     D:5: 1109 daAuts
     D:3: 955 daAuts
     D:1: 800 daAuts
     D:4: 797 daAuts
     D:9: 736 daAuts
   Sewer: 242 daAuts
  Temple: 34 daAuts
    D:10: 17 daAuts
